 Dungeon Crawl Stone Soup version 0.31-a0-1165-g196b491b36 (webtiles) character file.

Game seed: 15293263078147277670

1388402 whatisthis the Slayer (level 27, 238/238 HPs)
             Began as a Merfolk Ice Elementalist on Dec 4, 2023.
             Was a High Priest of Hepliaklqana.
             Escaped with the Orb
             ... and 3 runes on Dec 9, 2023!
             The game lasted 09:04:51 (104202 turns).

whatisthis the Slayer (Merfolk Ice Elementalist)  Turns: 104202, Time: 09:04:52

Health: 238/238    AC: 17    Str:  9    XL:     27
Magic:  56/56      EV: 16    Int: 33    God:    Hepliaklqana [*****.]
Gold:   4985       SH: 11    Dex: 13    Spells: 31/66 levels left

rFire   + + .        x - staff "Spiderbane" {rPois rC+ rN+++ Str-3 Stlth- Ice}
rCold   + + +        q - +3 warlock's mirror {omnireflect}
rNeg    + + +        W - +3 ring mail of Brilliance {Regen+}
rPois   +            b - +2 hood of the Assassin {Detect Stab+ Stlth++}
rElec   .            J - +2 cloak {Will+}
rCorr   .            m - +0 pair of gloves of Peek-a-Boo {rC++ rN+}
SInv    +            Z - +2 pair of boots of Woetsel {rF+ Stlth+}
Will    +++..        L - amulet "Umutama" {Spirit rF+ rN+++ Int+4 Dex-4}
Stlth   ++           v - ring "Kylar" {EV+5 Int+4 Dex-2 Stlth+}
HPRegen 1.39/turn    f - ring "Ucaify Reff" {Drain rPois MP+9 Dex+5 SInv}
MPRegen 0.35/turn

%: reflection, guardian spirit
@: hasted (expiring), very quick
A: reduced essence, (nimble swimmer 2), mertail, antennae 1, sense surroundings
1, robust 1, no potion heal 1, inability to read after injury 1
0: Orb of Zot
}: 3/15 runes: serpentine, barnacled, silver
a: Renounce Religion, Recall Ancestor, Ancestor Identity, Transference, Idealise


You escaped.
You worshipped Hepliaklqana.
Hepliaklqana was extremely pleased with you.
You visited 10 branches of the dungeon, and saw 47 of its levels.
You also visited: Sewer, Ossuary and Volcano.

You collected 6339 gold pieces.
You spent 1354 gold pieces at shops.

Inventory:

Hand Weapons
 g - a +9 demon trident of pain
Missiles
 c - 360 stones (quivered)
 l - a curare-tipped dart
 r - 69 poisoned darts
 B - 8 throwing nets
Armour
 b - the +2 hood of the Assassin (worn) {Detect Stab+ Stlth++}
   (You found it on level 3 of the Depths)

   Detect:    It allows the wearer to sense nearby creatures.
   Stab+:     It allows the wearer to make particularly effective stabbing
   attacks against helpless or unaware enemies with any weapon.
   Stlth++:   It makes you much more stealthy.
 m - the +0 pair of gloves of Peek-a-Boo (worn) {rC++ rN+}
   (You found it on level 1 of the Shoals)

   rC++:      It greatly protects you from cold.
   rN+:       It protects you from negative energy.
 q - the +3 warlock's mirror (worn) {omnireflect}
   (You found it on level 11 of the Dungeon)

   Omnireflect: It can block and reflect piercing ranged attacks and magical
   attacks against the wielder's willpower.
 J - a +2 cloak of willpower (worn)
 M - a +2 helmet
 W - the +3 ring mail of Brilliance (worn) {Regen+}
   (You bought it in a shop on level 2 of the Depths)

   Regen+:    It increases your rate of health regeneration.
 Y - the +2 cloak of the Thief {*Fog Slay-2 SInv Stlth+}
   (You found it on level 5 of the Vaults)

   *Fog:      It may release a thick cloud of smoke when the wearer is hurt.
   Slay-2:    It affects your accuracy & damage with ranged weapons and melee
   (-2).
   SInv:      It lets you see invisible.
   Stlth+:    It makes you more stealthy.
 Z - the +2 pair of boots of Woetsel (worn) {rF+ Stlth+}
   (You found it on level 3 of the Snake Pit)

   rF+:       It protects you from fire.
   Stlth+:    It makes you more stealthy.
Magical Staves
 x - the staff "Spiderbane" (weapon) {rPois rC+ rN+++ Str-3 Stlth- Ice}
   (You found it on level 5 of the Vaults)

   [staff of cold]

   Base accuracy: +5 Base damage: 5 Base attack delay: 1.2 This weapon's minimum
   attack delay (0.6) is reached at skill level 12.
   Str-3:     It affects your strength (-3).
   rC+:       It protects you from cold.
   rPois:     It protects you from poison rN+++: It renders you almost immune to
   negative energy.
   Stlth-:    It makes you less stealthy.
   Ice:       It increases the power of your Ice spells.
   It falls into the 'Staves' category.
   It is a one-handed weapon.
 H - a staff of conjuration
Jewellery
 f - the ring "Ucaify Reff" (right hand) {Drain rPois MP+9 Dex+5 SInv}
   (You bought it in a shop on level 1 of the Vaults)

   [ring of magical power]

   Dex+5:     It affects your dexterity (+5).
   rPois:     It protects you from poison MP+9: It affects your magic capacity
   (+9).
   SInv:      It lets you see invisible.
   Drain:     It drains your maximum health when unequipped.
 o - an amulet of the acrobat
 v - the ring "Kylar" (left hand) {EV+5 Int+4 Dex-2 Stlth+}
   (You found it on level 1 of the Depths)

   [ring of evasion]

   EV+5:      It affects your evasion (+5).
   Int+4:     It affects your intelligence (+4).
   Dex-2:     It affects your dexterity (-2).
   Stlth+:    It makes you more stealthy.
 L - the amulet "Umutama" (around neck) {Spirit rF+ rN+++ Int+4 Dex-4}
   (You took it off an ironbound convoker on level 5 of the Vaults)

   [amulet of guardian spirit]

   Spirit:    It causes incoming damage to be divided between your reserves of
   health and magic.
   Int+4:     It affects your intelligence (+4).
   Dex-4:     It affects your dexterity (-4).
   rF+:       It protects you from fire.
   rN+++:     It renders you almost immune to negative energy.
 P - the ring "Leomodgh" {rCorr MP+9 Dex+2}
   (You took it off a tengu reaver on level 5 of the Vaults)

   [ring of resist corrosion]

   Dex+2:     It affects your dexterity (+2).
   MP+9:      It affects your magic capacity (+9).
   rCorr:     It protects you from acid and corrosion.
 S - a +4 ring of protection
 X - a ring of protection from fire
Wands
 k - a wand of digging (12)
 y - a wand of paralysis (41)
 z - a wand of flame (69)
 E - a wand of quicksilver (31)
 G - a wand of mindburst (22)
 V - a wand of iceblast (41)
Scrolls
 e - 10 scrolls of teleportation
 i - 10 scrolls of fear
 p - 4 scrolls of torment
 C - 3 scrolls of butterflies
 F - 4 scrolls of blinking
 I - 3 scrolls of revelation
 K - 4 scrolls of silence
 N - 3 scrolls of vulnerability
 R - 10 scrolls of fog
Potions
 a - 2 potions of resistance
 d - 3 potions of brilliance
 h - 18 potions of curing
 j - 7 potions of enlightenment
 n - 4 potions of might
 s - a potion of invisibility
 t - 2 potions of berserk rage
 u - a potion of mutation
 w - a potion of haste
 A - a potion of magic
 D - 7 potions of heal wounds
 O - 3 potions of ambrosia
 U - 4 potions of lignification
Miscellaneous
 T - a lightning rod (4/4)


   Skills:
 - Level 24.1 Fighting
 - Level 14.0 Polearms
 - Level 6.4 Dodging
 - Level 2.1 Stealth
 - Level 15.1 Shields
 - Level 20.0 Spellcasting
 + Level 17.8 Conjurations
 - Level 20.7 Ice Magic
 + Level 13.2 Earth Magic
 + Level 13.5 Invocations


You had 31 spell levels left.
You knew the following spells:

 Your Spells              Type           Power      Damage    Failure   Level
a - Freeze                Ice            100%       1d10      0%          1
b - Frozen Ramparts       Ice            100%       1d16      0%          3
c - Ozocubu's Armour      Ice            100%       N/A       0%          3
d - Freezing Cloud        Conj/Ice/Air   54%        6-21      1%          5
e - Stone Arrow           Conj/Erth      100%       3d13      1%          3
f - Hailstorm             Conj/Ice       100%       3d16      0%          3
g - Ozocubu's Refrigerat  Ice            65%        4d21      1%          7
h - Summon Ice Beast      Ice/Summ       100%       N/A       1%          4
i - Bombard               Conj/Erth      47%        9d8       1%          6

Your spell library contained the following spells:

 Spells                   Type           Power      Damage    Failure   Level
 Magic Dart               Conj           100%       1d8       0%          1
 Sandblast                Erth           100%       2d20      0%          1
 Searing Ray              Conj           100%       2d8       0%          2
 Foxfire                  Conj/Fire      100%       2x1d9     1%          1
 Shock                    Conj/Air       100%       1d9       1%          1
 Passwall                 Tmut/Erth      55%        N/A       1%          2
 Dazzling Flash           Conj/Hex       100%       N/A       1%          3
 Mephitic Cloud           Conj/Pois/Air  64%        N/A       1%          3
 Brom's Barrelling Bould  Conj/Erth      94%        2d10      1%          4
 Flame Wave               Conj/Fire      75%        2d17      1%          4
 Fulminant Prism          Conj/Hex       37%        3d17      1%          4
 Iskenderun's Mystic Bla  Conj/Tloc      75%        2d15      1%          4
 Iskenderun's Battlesphe  Conj           100%       2d15      1%          5
 Lee's Rapid Deconstruct  Erth           44%        3d21*     1%          5
 Metabolic Englaciation   Hex/Ice        50%        N/A       1%          5
 Orb of Destruction       Conj           50%        9d13      1%          7
 Animate Armour           Summ/Erth      100%       N/A       2%          4
 Leda's Liquefaction      Hex/Erth       33%        N/A       2%          4
 Petrify                  Tmut/Erth      67%        N/A       2%          4
 Arcjolt                  Conj/Air       37%        1d47      2%          5
 Fireball                 Conj/Fire      37%        3d15      2%          5
 Irradiate                Conj/Tmut      37%        3d24      2%          5
 Apportation              Tloc           66%        N/A       3%          1
 Slow                     Hex            100%       N/A       3%          1
 Blink                    Tloc           66%        N/A       5%          2
 Cigotuvi's Dreadful Rot  Necr/Pois/Air  66%        N/A       5%          2
 Jinxbite                 Hex            66%        N/A       5%          2
 Lesser Beckoning         Tloc           66%        N/A       5%          2
 Scorch                   Fire           66%        2d7       5%          2
 Sublimation of Blood     Necr           33%        N/A       5%          2
 Wereblood                Tmut           33%        N/A       5%          2
 Borgnjor's Vile Clutch   Necr/Erth      33%        N/A       6%          5
 Simulacrum               Ice/Necr       50%        N/A       8%          6
 Confusing Touch          Hex            33%        N/A       11%         3
 Gell's Gravitas          Tloc           33%        N/A       11%         3
 Ignite Poison            Fire/Tmut/Pois 33%        N/A       11%         3
 Sigil of Binding         Hex            33%        N/A       11%         3
 Summon Guardian Golem    Hex/Summ       33%        N/A       11%         3
 Teleport Other           Tloc           33%        N/A       11%         3
 Tukima's Dance           Hex            33%        N/A       11%         3
 Vampiric Draining        Necr           33%        2d8       11%         3
 Volatile Blastmotes      Fire/Tloc      66%        2d15      11%         3
 Conjure Ball Lightning   Conj/Air       37%        3x3d12    14%         6
 Starburst                Conj/Fire      37%        6d11      14%         6
 Anguish                  Hex/Necr       16%        N/A       34%         4
 Animate Dead             Necr           33%        N/A       34%         4
 Cause Fear               Hex            16%        N/A       34%         4
 Dimensional Bullseye     Hex/Tloc       16%        N/A       34%         4
 Olgreb's Toxic Radiance  Pois           33%        N/A       34%         4
 Passage of Golubria      Tloc           33%        N/A       34%         4
 Summon Lightning Spire   Summ/Air       33%        N/A       34%         4
 Vhi's Electric Charge    Tloc/Air       66%        N/A       34%         4
 Lehudib's Crystal Spear  Conj/Erth      47%        10d11     36%         8
 Spellforged Servitor     Conj/Summ      37%        N/A       58%         7
 Alistair's Intoxication  Tmut/Pois      22%        N/A       67%         5
 Silence                  Hex/Air        16%        N/A       67%         5
 Summon Forest            Summ/Tloc      16%        N/A       67%         5
 Death Channel            Necr           16%        N/A       99%         6
 Eringya's Noxious Bog    Tmut/Pois      16%        4d6       99%         6
 Plasma Beam              Fire/Air       16%        2x1d28    99%         6
 Summon Cactus Giant      Summ           16%        N/A       99%         6
 Enfeeble                 Hex            16%        N/A       100%        7
 Summon Hydra             Summ           16%        N/A       100%        7
 Discord                  Hex            16%        N/A       100%        8
 Disjunction              Tloc           16%        N/A       100%        8
 Ignition                 Fire           16%        3d7       100%        8
 Maxwell's Capacitive Co  Air            16%        ∞         100%        8
 Dragon's Call            Summ           16%        N/A       100%        9


Dungeon Overview and Level Annotations

Branches:
Dungeon (15/15)            Temple (1/1) D:4            Lair (5/5) D:9
 Shoals (4/4) Lair:2        Snake (4/4) Lair:2        Slime (0/5) Lair:4
    Orc (2/2) D:9             Elf (2/3) Orc:2        Vaults (5/5) D:13
  Crypt (0/3) Vaults:3     Depths (4/4) D:15            Zot (5/5) Depths:4
  Sewer (visited)         Ossuary (visited)         Volcano (visited)

Altars:
Ashenzari
Cheibriados
Dithmenos
Elyvilon
Fedhas
Gozag
Hepliaklqana
Kikubaaqudgha
Makhleb
Nemelex Xobeh
Okawaru
Qazlal
Ru
Sif Muna
Trog
Uskayaw
Vehumet
Wu Jian
Xom
Yredelemnul
Zin
The Shining One

Shops:
D:5 *   Orc:2 [(*:=*   Elf:2 *   Snake:1 =   Snake:3 :=:   Vaults:1 =:[
Vaults:5 (   Depths:1 =((   Depths:2 ([

Portals:
Hell: Depths:1 Depths:2 Depths:3 Depths:4
Abyss: Depths:2 Depths:3 Depths:4
Pandemonium: Depths:2 Depths:3
Ziggurat: Depths:2

Annotations:
D:6 3 runed translucent doors, fishfloyd's ghost, novice DjFE
D:7 Maggie
D:13 3 runed translucent doors, Pesem's ghost, journeyman KoHu
D:15 3 runed translucent doors, Etsiduud's ghost, journeyman MiFi
Lair:4 2 transporters, Agan's ghost, journeyman MeSh
Elf:2 3 runed translucent doors
Depths:2 exclusion: orange crystal statue
Depths:3 1 exclusion


Innate Abilities, Weirdness & Mutations

Your life essence is reduced to manifest your ancestor. (-10% HP)
((You are very nimble when in or above water. (Stealth+, EV+, Speed+++)))
Your lower body shifts to a powerful aquatic tail in water.
You have a pair of small antennae on your head.
You passively map a small area around you.
You are robust. (+10% HP)
Potions are less effective at restoring your health.
You occasionally lose the ability to read scrolls when taking damage.


Message History

A lich comes into view.
The lich casts a spell.
The lich seems to speed up.
Vynkekya gestures at you.
Vynkekya blinks!
The lich completely misses you. Vynkekya attacks as it pursues you!
Vynkekya barely misses you. The lich closely misses you.
The lich touches you but does no damage.
The lich attacks as it pursues you! You block the lich's attack.
There is a stone staircase leading up here.
The lich touches you but does no damage.
You climb upwards.
There is a stone staircase leading down here.
There are monsters nearby!
As you read the scroll of teleportation, it crumbles to dust.
You feel strangely unstable.
You feel the Orb delaying your translocation!
Vynkekya touches you!!
You blink.
Vynkekya gestures at you.
Vynkekya blinks!
Vynkekya gestures at you.
Vynkekya blinks!
The lich gestures wildly while chanting.
The lich flickers and vanishes for a moment.
There is an open door here.
There is a stone staircase leading up here.
You climb upwards.
There is a stone staircase leading down here.
Your surroundings suddenly seem different.
You open the door.
There is an open door here.
Aiming: Dig
Press: ? - help, Shift-Dir - straight line A rock wall.
This square is covered in magical glow.
The rock shatters into small pieces.
Your extra speed is starting to run out.
There is a staircase leading out of the dungeon here.
You have escaped!

.........#.#.....#.#.#
#.#.#
........[..#.....#.#.#
#.#.#
###############.##.#.#
#.#.. #..........#.#
#.#.. ## #..........#.#
#.#.. .# #..........#.#
#.#.. .# #...♣......#.#
#.#.. .# #....8.....#.#
##.#.. .#
#.......@..#.#######.....
.##
#..........#.#..........#
..###
#..........#.#.####.#.#.#
#...##
#..........#.#.###..#.#.#
###..##
##########.#'#.....##.#.#
##..### #.........####.#
##...#### #........## #.#
###....#######........#
#.# ##
##...'.....+........# #.#


There were no monsters in sight!

Vanquished Creatures
  A dread lich (Vaults:5)
  7 orbs of fire
  2 ancient liches
  Mara (Vaults:2)
  A juggernaut (Depths:4)
  2 Killer Klowns (Zot:5)
  2 caustic shrikes (Depths:4)
  A curse toe (Zot:3)
  3 golden dragons
  2 doom hounds (Zot:1)
  3 electric golems
  11 tentacled monstrosities
  A Tzitzimitl (Depths:3)
  An Ice Fiend (Zot:5)
  22 Orb Guardians
  Rupert (D:13)
  7 sphinxes
  A lich (Vaults:5)
  5 quicksilver dragons
  Grunn (Zot:1)
  3 titans
  A walking divine tome (Depths:4)
  10 death cobs
  Kirke (Lair:2)
  11 storm dragons
  10 shadow dragons
  2 tengu reavers (Vaults:5)
  Donald (Orc:1)
  4 draconian monks
  5 nagarajas
  6 fire giants
  2 draconian knights (Depths:4)
  12 frost giants
  A deep elf elementalist (Elf:1)
  3 draconian scorchers
  12 vault wardens
  A ghost moth (Zot:5)
  3 draconian shifters
  An iron dragon (Depths:4)
  A cacodemon (Depths:3)
  19 ironbound preservers
  2 spriggan defenders (Depths:4)
  3 formless jellyfish
  A reaper (Depths:3)
  3 draconian annihilators
  13 stone giants
  A demonspawn blood saint (D:8)
  A draconian stormcaller (Zot:3)
  6 very ugly things
  3 war gargoyles
  6 vampire knights
  An ironbound thunderhulk (Vaults:3)
  3 deep elf demonologists
  7 dire elephants
  6 green draconians
  8 yellow draconians
  4 deep elf annihilators
  Azrael (Elf:1)
  4 white draconians
  2 spark wasps
  2 purple draconians
  9 red draconians
  3 crystal guardians
  4 ettins
  A deep elf death mage (Elf:1)
  4 merfolk javelineers
  8 fire dragons
  A blizzard demon (D:8)
  7 great orbs of eyes
  5 merfolk impalers
  A green death (Depths:2)
  2 deep elf high priests (Vaults:5)
  33 vault guards
  7 ice dragons
  Harold (Orc:1)
  9 yaktaur captains
  6 rakshasas
  3 hydras
  Erolcha (Orc:2)
  An entropy weaver (Vaults:3)
  A salamander tyrant (Snake:3)
  A spriggan air mage (Depths:4)
  5 ironbound frosthearts
  2 peacekeepers (Vaults:2)
  Erica (D:8)
  A death knight (D:15)
  6 anacondas
  An ogre mage (Vaults:5)
  5 merfolk avatars
  4 two-headed ogres
  10 centaur warriors
  4 merfolk aquamancers
  6 boulder beetles
  5 deep troll earth magi
  A satyr (Shoals:4)
  A sphinx skeleton (D:15)
  4 tengu warriors
  3 vampire magi
  8 naga warriors
  5 death yaks
  An orc high priest (Orc:2)
  A shock serpent (Snake:1)
  10 dancing weapons
  Urug (Orc:1)
  4 spriggan berserkers
  2 occultists (D:11)
  13 naga sharpshooters
  3 iron trolls
  12 deep elf knights
  8 hell knights
  8 skeletal warriors
  4 spriggans (Depths:4)
  6 sea snakes
  4 shadow wraiths
  2 sixfirhies
  2 glowing orange brains
  3 salamander mystics
  40 deep trolls
  A tengu zombie (Vaults:4)
  7 phantasmal warriors
  3 shadow demons (Depths:3)
  13 ironbound convokers
  5 necromancers
  Pikel (D:8)
  2 flayed ghosts
  8 deep elf archers
  11 arcanists
  4 lindwurms
  A naga ritualist (Snake:1)
  26 deep elf pyromancers
  28 deep elf zephyrmancers
  14 harpies
  3 orc sorcerers
  4 orc knights
  16 salamanders
  A fire giant zombie (Vaults:4)
  3 mana vipers
  13 ugly things
  21 moths of wrath
  10 manticores
  Maurice (D:8)
  16 fauns
  5 cyclopes
  5 large abominations (Depths:2)
  7 vault sentinels
  17 elephants
  8 naga magi
  2 smoke demons (Depths:2)
  11 merfolk sirens
  2 guardian serpents
  16 black mambas
  5 cane toads
  A cane toad (shapeshifter) (Elf:2)
  A water nymph (shapeshifter) (Vaults:5)
  A torpor snail (Lair:1)
  6 rime drakes
  5 water nymphs
  A freezing wraith (Vaults:5)
  A hellion (Depths:4)
  3 unseen horrors (Depths:2)
  5 komodo dragons
  21 yaktaurs
  A tengu conjurer (D:14)
  9 trolls
  6 polar bears (Lair:5)
  A queen bee (Lair:2)
  14 merfolk
  6 wind drakes
  A tarantella (shapeshifter) (Vaults:5)
  A meliai zombie (D:14)
  5 hornets
  A raiju (Lair:5)
  11 dream sheep
  A glass eye (Depths:4)
  A stone giant simulacrum (Vaults:4)
  4 snapping turtles
  22 slime creatures
  An air elemental (Elf:2)
  4 wraiths
  5 wyverns
  26 yaks
  A vampire (D:14)
  A fire bat (Volcano)
  16 water elementals
  4 basilisks
  8 fire elementals
  A chaos spawn (Depths:2)
  A steam dragon (Lair:5)
  A steam dragon (shapeshifter) (D:13)
  6 vampire mosquitoes
  7 wargs
  25 nagas
  2 acid dragons
  12 hell hounds
  13 water moccasins
  An ogre skeleton (Vaults:4)
  A swamp drake (Lair:5)
  Duvessa (D:5)
  2 ice beasts (D:4)
  2 sky beasts (D:7)
  19 orc warriors
  Pargi (Sewer)
  11 black bears
  3 ogres
  6 boggarts
  9 centaurs (D:14)
  2 knights
  11 wolves (Lair:5)
  2 lemures (D:8)
  3 kobold brigands
  6 bullfrogs
  4 scorpions
  An elf zombie (Ossuary)
  3 small abominations (Depths:2)
  Dowan (D:5)
  7 wights (D:8)
  18 killer bees (Lair:2)
  A human simulacrum (Vaults:4)
  An electric eel (Lair:2)
  6 howler monkeys
  A crimson imp (D:6)
  5 lava snakes (Volcano)
  5 centaur zombies
  3 hounds
  3 gnoll boudas
  2 jellies
  9 orc priests
  2 iguanas
  5 orc wizards
  8 hell rats
  4 hound skeletons (D:4)
  2 mummies (Ossuary)
  11 adders
  23 gnolls
  A white imp (D:7)
  4 ufetubi (D:6)
  3 adder zombies (D:4)
  3 adder skeletons (D:4)
  3 worms
  2 dart slugs
  44 orcs
  10 endoplasms
  5 giant cockroaches
  2 gnoll zombies (Ossuary)
  6 goblins
  7 hobgoblins
  4 jackals (D:3)
  3 quokkas
  7 ball pythons
  7 bats
  7 frilled lizards
  4 goblin zombies (Ossuary)
  2 hobgoblin zombies (Ossuary)
  19 kobolds
  3 orc zombies (Ossuary)
  3 rats
1472 creatures vanquished.

Vanquished Creatures (collateral kills)
  2 ancient liches
  2 orbs of fire (Zot:5)
  2 juggernauts (Depths:4)
  3 Killer Klowns
  Frederick (Vaults:2)
  Xtahua (Vaults:4)
  6 golden dragons
  A caustic shrike (Depths:4)
  A bone dragon (Vaults:3)
  Nikola (Snake:4)
  An electric golem (Zot:4)
  14 tentacled monstrosities
  2 liches
  8 Orb Guardians
  A walking earthen tome (Depths:4)
  2 walking frostbound tomes
  2 titans
  A sphinx (Depths:4)
  3 quicksilver dragons (Zot:1)
  Gastronok (D:12)
  6 shadow dragons
  4 draconian monks
  9 storm dragons
  3 nagarajas (Snake:4)
  4 tengu reavers
  2 frost giants (Depths:4)
  4 fire giants
  2 ghost moths
  6 vault wardens
  A draconian stormcaller (Depths:4)
  A draconian shifter (Zot:2)
  2 orc warlords
  A war gargoyle (Vaults:5)
  A very ugly thing (Depths:1)
  A draconian annihilator (Zot:2)
  3 stone giants
  6 ironbound preservers
  2 green draconians
  3 ironbound thunderhulks
  3 vampire knights
  8 dire elephants
  4 spark wasps
  5 red draconians
  5 black draconians
  3 white draconians
  3 yellow draconians
  A purple draconian (Zot:3)
  2 crystal guardians (Depths:2)
  2 merfolk javelineers
  7 ettins
  2 fire dragons
  Josephine (Lair:3)
  A merfolk impaler (Shoals:4)
  2 yaktaur captains (Vaults:2)
  A great orb of eyes (Vaults:4)
  A salamander tyrant (Snake:3)
  3 peacekeepers
  An alligator snapping turtle (Shoals:3)
  7 vault guards
  2 merfolk aquamancers
  3 rakshasas
  A hydra (Lair:4)
  8 ironbound frosthearts
  5 two-headed ogres
  A satyr (Shoals:4)
  2 centaur warriors
  A merfolk avatar (Shoals:3)
  A deep troll shaman (Depths:1)
  2 tengu warriors
  A deep troll earth mage (Depths:4)
  5 naga warriors
  7 dancing weapons
  A spriggan berserker (Depths:4)
  3 occultists
  4 naga sharpshooters
  6 hell knights
  2 deep elf knights
  2 shock serpents
  9 skeletal warriors
  6 sea snakes
  A skyshark (Shoals:1)
  6 shadow wraiths
  4 salamander mystics
  22 deep trolls
  A kraken simulacrum (Shoals:4)
  A swamp dragon (Lair:5)
  An obsidian statue (Zot:5)
  2 arcanists
  5 orc knights
  2 phantasmal warriors
  6 ironbound convokers
  5 deep elf zephyrmancers
  2 naga ritualists
  3 wolf spider zombies (D:14)
  2 lindwurms (Vaults:1)
  A deep elf archer (Elf:1)
  3 large abominations (Depths:2)
  9 harpies
  3 necromancers
  8 deep elf pyromancers
  An orc sorcerer (Elf:1)
  7 manticores
  4 mana vipers
  4 fauns
  3 cyclopes
  6 moths of wrath
  A guardian serpent (Snake:2)
  5 salamanders
  2 centaur zombies
  11 ugly things
  8 naga magi
  8 slime creatures
  A water nymph (Shoals:4)
  2 merfolk sirens (Shoals:3)
  6 elephants
  A torpor snail (Lair:5)
  5 black mambas
  3 vault sentinels
  4 cane toads
  4 freezing wraiths
  2 unseen horrors
  4 yaktaurs
  A redback zombie (D:14)
  A rime drake (Lair:2)
  3 komodo dragons
  2 efreet
  6 merfolk
  2 hornets (Depths:4)
  3 polar bears
  A tarantella (Vaults:3)
  A troll (D:13)
  A raiju (Lair:5)
  4 snapping turtles
  2 dream sheep (Shoals:4)
  A centaur simulacrum (D:15)
  2 wyverns (Lair:2)
  2 spriggans (Depths:4)
  6 wraiths
  6 yaks
  3 shadows (D:14)
  A basilisk (D:15)
  5 water elementals
  A fire bat (Volcano)
  2 redbacks (shapeshifter) (Vaults:5)
  A steam dragon (D:10)
  6 vampire mosquitoes
  2 wargs
  A redback (Vaults:3)
  6 nagas
  An acid dragon (D:11)
  4 hell hounds
  4 water moccasins
  A sky beast (D:8)
  17 orc warriors
  A black bear (Lair:5)
  A hornet zombie (D:14)
  2 wolves (Lair:5)
  2 centaurs
  2 lemures (D:8)
  2 bullfrogs
  An earth elemental (Elf:2)
  2 wights (D:8)
  7 killer bees (Lair:2)
  6 howler monkeys
  A lava snake (Volcano)
  4 orc priests
  3 hell rats
  An iguana (Lair:5)
  2 boggart zombies (D:14)
  2 orc wizards (D:7)
  A shadow imp (D:6)
  A worm (shapeshifter) (Depths:4)
  10 orcs
  2 goblins (D:10)
  5 kobolds
  3 rats (D:9)
589 creatures vanquished.

Vanquished Creatures (others)
  6 yaktaur captains
  A deep elf knight (Elf:2)
  A sea snake (Shoals:1)
  A deep elf archer (Elf:1)
  An orc sorcerer (Orc:2)
  A moth of wrath (Zot:3)
  7 yaktaurs
  2 humans (Lair:3)
  A golden eye (shapeshifter) (Elf:1)
  48 knights
  2 ancestors
  9 tentacles (Shoals:4)
80 creatures vanquished.

Grand Total: 2141 creatures vanquished

Notes
Turn   | Place    | Note
-------+----------+-------------------------------------------
     0 | D:1      | whatisthis the Merfolk Ice Elementalist began the quest for
                  | the Orb.
     0 | D:1      | Reached XP level 1. HP: 13/13 MP: 3/3
   283 | D:1      | Reached XP level 2. HP: 17/20 MP: 1/5
   474 | D:1      | Reached skill level 1 in Fighting
   883 | D:1      | Reached XP level 3. HP: 26/26 MP: 3/6
  1187 | D:2      | Reached skill level 2 in Fighting
  1355 | D:2      | Reached skill level 5 in Ice Magic
  1355 | D:2      | Reached XP level 4. HP: 33/33 MP: 5/8
  1403 | D:2      | Learned a level 3 spell: Frozen Ramparts
  1407 | D:2      | Learned a level 3 spell: Ozocubu's Armour
  1678 | D:2      | Reached XP level 5. HP: 23/39 MP: 0/9
  2014 | D:2      | Reached skill level 3 in Fighting
  2534 | D:3      | Identified the +2 robe "Pits" {*Slow rPois Str-2 Stlth+}
  3690 | D:4      | Reached XP level 6. HP: 47/47 MP: 11/11
  3822 | D:4      | Found a sand-covered staircase.
  3915 | Ossuary  | Entered an ossuary
  4194 | Ossuary  | Reached skill level 4 in Fighting
  4778 | Ossuary  | Reached XP level 7. HP: 44/54 MP: 6/13
  5096 | D:4      | Found a staircase to the Ecumenical Temple.
  5106 | Temple   | Entered the Ecumenical Temple
  5144 | Temple   | Became a worshipper of Hepliaklqana the Forgotten
  5477 | D:3      | Reached skill level 5 in Fighting
  5516 | D:4      | Paralysed by a kobold for 3 turns
  5648 | D:4      | Reached XP level 8. HP: 62/62 MP: 11/15
  5881 | D:5      | Entered Level 5 of the Dungeon
  5898 | D:5      | Reached skill level 5 in Spellcasting
  6113 | D:5      | Noticed Dowan
  6113 | D:5      | Found Etuck's Lightly-Used Armoury.
  6196 | D:5      | Noticed Duvessa
  6250 | D:5      | Reached skill level 6 in Fighting
  6354 | D:5      | Killed Duvessa
  6590 | D:5      | Killed Dowan
  7086 | D:6      | Reached * piety under Hepliaklqana
  7125 | D:6      | Found a runed translucent gate.
  7125 | D:6      | Noticed fishfloyd's ghost (novice DjFE)
  7126 | D:6      | Found a runed translucent gate.
  7126 | D:6      | Identified the +0 plate armour of Leaves {Str-4 Slay+4}
  7127 | D:6      | Found a runed translucent gate.
  7227 | D:6      | Reached XP level 9. HP: 55/63 MP: 11/18
  7262 | D:6      | Reached skill level 7 in Fighting
  7265 | D:6      | Found a burning altar of Makhleb.
  7642 | D:6      | Found a glowing drain.
  7647 | Sewer    | Entered a sewer
  7659 | Sewer    | Noticed Pargi
  7666 | Sewer    | Killed Pargi
  8084 | D:7      | Noticed Maggie
  8368 | D:7      | Reached ** piety under Hepliaklqana
  8431 | D:7      | Remembered your ancestor Synnove as a knight
  8453 | D:7      | Learned a level 5 spell: Freezing Cloud
  8458 | D:7      | Learned a level 4 spell: Summon Ice Beast
  8833 | D:8      | Noticed a cyclops
  8839 | D:8      | Killed a cyclops
  8840 | D:8      | Reached skill level 8 in Fighting
  8840 | D:8      | Reached skill level 1 in Conjurations
  8934 | D:8      | Noticed Pikel
  8943 | D:8      | Killed Pikel
  9057 | D:8      | Noticed Maurice
  9060 | D:8      | Reached XP level 10. HP: 73/73 MP: 16/20
  9085 | D:8      | Killed Maurice
  9292 | D:8      | Noticed Erica
  9542 | D:9      | Reached skill level 9 in Fighting
  9542 | D:9      | Reached skill level 10 in Ice Magic
  9572 | D:9      | Noticed a death yak
  9823 | D:9      | Found a staircase to the Orcish Mines.
 10067 | D:9      | Reached *** piety under Hepliaklqana
 10434 | D:9      | Found a staircase to the Lair.
 10483 | D:9      | Noticed a death yak
 10483 | D:9      | Noticed a death yak
 10560 | D:9      | Killed a death yak
 10615 | D:8      | Killed Erica
 10616 | D:8      | Reached XP level 11. HP: 55/81 MP: 17/23
 10938 | D:8      | Reached skill level 10 in Fighting
 11473 | D:9      | Killed a death yak
 11588 | D:9      | Killed a death yak
 11589 | D:9      | Reached skill level 5 in Conjurations
 11992 | Lair:1   | Entered Level 1 of the Lair of Beasts
 12132 | Lair:1   | Noticed a death yak
 12142 | Lair:1   | Killed a death yak
 12183 | Lair:1   | Noticed a death yak
 12197 | Lair:1   | Killed a death yak
 12519 | Lair:1   | Reached **** piety under Hepliaklqana
 13193 | Lair:2   | Found a staircase to the Snake Pit.
 13210 | Lair:2   | Reached skill level 11 in Fighting
 13295 | Lair:2   | Reached XP level 12. HP: 90/90 MP: 15/25
 13735 | Lair:2   | Found a staircase to the Shoals.
 14019 | Lair:2   | Reached skill level 10 in Spellcasting
 14686 | Lair:3   | Noticed Kirke
 14782 | Lair:3   | Reached skill level 12 in Fighting
 15013 | Lair:3   | Reached ***** piety under Hepliaklqana
 15108 | Lair:3   | Noticed Josephine
 15163 | Lair:3   | Reached XP level 13. HP: 56/98 MP: 3/27
 15344 | Lair:3   | Killed Josephine
 15495 | Lair:2   | Killed Kirke
 16601 | Lair:4   | Found a staircase to the Slime Pits.
 16639 | Lair:4   | Found a glowing golden altar of the Shining One.
 16966 | Lair:4   | Found a transporter.
 16968 | Lair:4   | Found a transporter.
 16968 | Lair:4   | Noticed Agan's ghost (journeyman MeSh)
 17125 | Lair:4   | Reached skill level 13 in Fighting
 18000 | Lair:5   | Entered Level 5 of the Lair of Beasts
 19373 | Lair:5   | Reached XP level 14. HP: 106/106 MP: 11/29
 20433 | Lair:5   | Reached skill level 14 in Fighting
 21066 | Lair:5   | Reached skill level 1 in Invocations
 21903 | D:10     | Entered Level 10 of the Dungeon
 22069 | D:10     | Identified the blade talisman "Vudghair" {rN++ Will+ Dex-5
                  | Stlth+}
 22704 | D:10     | Found a large runed translucent door.
 22705 | D:10     | Found a large runed translucent door.
 22770 | D:10     | Found an iron altar of Okawaru.
 23184 | D:10     | Found a radiant altar of Vehumet.
 23227 | D:10     | Found a stormy altar of Qazlal.
 23714 | D:11     | Reached skill level 15 in Ice Magic
 23727 | D:11     | Learned a level 7 spell: Ozocubu's Refrigeration
 23796 | D:11     | Reached ****** piety under Hepliaklqana
 24520 | D:11     | You fall into a shaft and drop 3 floors!
 24814 | D:14     | Reached XP level 15. HP: 114/114 MP: 25/31
 25361 | D:12     | Noticed Gastronok
 25377 | D:12     | Killed Gastronok
 25693 | D:12     | Reached skill level 10 in Conjurations
 26315 | D:11     | Found the +3 warlock's mirror {omnireflect}
 26343 | D:11     | Reached skill level 5 in Invocations
 26867 | D:12     | Reached skill level 15 in Fighting
 27235 | D:13     | Reached skill level 1 in Shields
 27336 | D:13     | Noticed Rupert
 27342 | D:13     | Killed Rupert
 28032 | D:13     | Found a runed translucent gate.
 28032 | D:13     | Found a runed translucent gate.
 28032 | D:13     | Found a runed translucent gate.
 28034 | D:13     | Found an opulent altar of Gozag.
 28038 | D:13     | Noticed Pesem's ghost (journeyman KoHu)
 28074 | D:13     | Found a gate to the Vaults.
 29651 | Orc:1    | Entered Level 1 of the Orcish Mines
 29769 | Orc:1    | Noticed Harold
 29772 | Orc:1    | Killed Harold
 30123 | Orc:1    | Found a dark tunnel.
 30170 | Orc:1    | Noticed Urug
 30174 | Orc:1    | Killed Urug
 30175 | Orc:1    | Reached skill level 1 in Polearms
 30291 | Volcano  | Entered a volcano
 31589 | Orc:2    | Entered Level 2 of the Orcish Mines
 31745 | Orc:2    | Found Impaoruun's Antique Armour Boutique.
 31768 | Orc:2    | Found Maraiph's Antique Weapon Emporium.
 31768 | Orc:2    | Noticed an orc warlord
 32037 | Orc:2    | Found Fetur's Jewellery Shoppe.
 32425 | Orc:2    | Reached skill level 5 in Shields
 32425 | Orc:2    | Reached XP level 16. HP: 124/124 MP: 16/32
 32442 | Orc:2    | Noticed Erolcha
 33060 | Orc:2    | Found a staircase to the Elven Halls.
 33147 | Orc:2    | Killed Erolcha
 33241 | Orc:2    | Found Jisuc's Self-Improvement Boutique.
 33250 | Orc:2    | Found Naleumm's Assorted Antiques.
 33256 | Orc:2    | Noticed Donald
 34027 | D:13     | Reached skill level 16 in Fighting
 34255 | D:14     | Reached skill level 5 in Dodging
 35304 | D:14     | Reached skill level 5 in Polearms
 35488 | D:15     | Entered Level 15 of the Dungeon
 35755 | D:15     | Learned a level 3 spell: Stone Arrow
 36552 | D:15     | Found a runed translucent gate.
 36552 | D:15     | Found a runed translucent gate.
 36552 | D:15     | Found a runed translucent gate.
 36557 | D:15     | Noticed Etsiduud's ghost (journeyman MiFi)
 36631 | D:15     | Found a shimmering blue altar of Sif Muna.
 37570 | D:15     | Found a staircase to the Depths.
 37933 | Orc:1    | Killed Donald
 38867 | Orc:2    | Found Wout's General Store.
 39044 | Orc:2    | Bought a scroll of identify for 58 gold pieces
 39413 | Snake:1  | Entered Level 1 of the Snake Pit
 39413 | Snake:1  | Found Ximp's Jewellery Shop.
 40257 | Snake:1  | Identified the +7 quarterstaff of Demonkind {flame, Will+
                  | Str-4 Dex+5}
 41166 | Snake:1  | Reached XP level 17. HP: 131/131 MP: 13/34
 41611 | Snake:1  | Identified 3 scrolls of acquirement
 41749 | Snake:1  | Acquired a +0 demon trident of pain
 41754 | Snake:1  | Acquired a staff of conjuration
 41756 | Snake:1  | Acquired whatisthis's Volume of Rime
 41762 | Snake:1  | Learned a level 3 spell: Hailstorm
 42783 | Snake:3  | Identified the +2 pair of boots of Woetsel {rF+ Stlth+}
 43675 | Snake:3  | Found Isumil's Book Emporium.
 43675 | Snake:3  | Found Ymiliz's Jewellery Boutique.
 43676 | Snake:3  | Found Syhicaph's Book Emporium.
 44046 | Snake:4  | Entered Level 4 of the Snake Pit
 44192 | Snake:4  | Noticed Nikola
 44209 | Snake:4  | Killed Nikola
 46529 | Snake:4  | Reached skill level 10 in Shields
 46660 | Snake:4  | Reached XP level 18. HP: 137/137 MP: 31/36
 46828 | Snake:4  | Got a serpentine rune of Zot
 47562 | Shoals:1 | Entered Level 1 of the Shoals
 47722 | Shoals:1 | Identified the +0 pair of gloves of Peek-a-Boo {rC++ rN+}
 49942 | Shoals:3 | Identified the +0 chain mail of the Desert {rCorr Dex+3}
 51209 | Shoals:3 | Reached skill level 15 in Spellcasting
 51667 | Shoals:3 | Paralysed by a formless jellyfish for 1 turns
 52035 | Shoals:4 | Entered Level 4 of the Shoals
 52507 | Shoals:4 | Reached XP level 19. HP: 143/143 MP: 20/38
 52741 | Shoals:4 | Identified the ring of Zinumex {Drain rElec rC- rN+++
                  | Dex+6}
 54052 | Shoals:4 | Got a barnacled rune of Zot
 54390 | Vaults:1 | Entered Level 1 of the Vaults
 54925 | Vaults:1 | Found Kemami Yzops's Book Shop.
 54954 | Vaults:1 | Reached skill level 17 in Fighting
 55141 | Vaults:1 | Found Mikham's Jewellery Emporium.
 55387 | Vaults:1 | Found Oqagibas's Armour Shoppe.
 56497 | Vaults:1 | Paralysed by a formless jellyfish for 1 turns
 56731 | Vaults:1 | Reached skill level 10 in Polearms
 56841 | Vaults:1 | Reached XP level 20. HP: 144/152 MP: 26/39
 57144 | Vaults:1 | Bought the ring "Ucaify Reff" {Drain rPois MP+9 Dex+5 SInv}
                  | for 806 gold pieces
 58465 | Vaults:2 | Reached skill level 18 in Fighting
 58792 | Vaults:2 | Noticed an ancient lich
 60247 | Vaults:3 | Identified the +8 hand axe of Anxiety {vamp, rC- rCorr
                  | SInv}
 61824 | Vaults:3 | Reached skill level 19 in Fighting
 61828 | Vaults:3 | Reached XP level 21. HP: 162/162 MP: 28/40
 62087 | Vaults:3 | Noticed a bone dragon
 62144 | Vaults:3 | Killed a bone dragon
 62442 | Vaults:3 | Found a staircase to the Crypt.
 62594 | Vaults:4 | Identified the -1 buckler "Otaessoj" {Fly Dex+4}
 62801 | Vaults:4 | Reached skill level 15 in Shields
 63170 | Vaults:4 | Noticed Xtahua
 63189 | Vaults:4 | Killed Xtahua
 65732 | Orc:2    | Bought a scroll of identify for 28 gold pieces
 65732 | Orc:2    | Bought a potion of curing for 42 gold pieces
 65732 | Orc:2    | Bought a scroll of teleportation for 42 gold pieces
 65920 | Elf:1    | Entered Level 1 of the Elven Halls
 66163 | Elf:1    | Reached skill level 20 in Fighting
 66840 | Elf:1    | Identified the +1 hand axe "Trog's Righteous Anger" {drain,
                  | rPois rF+ Int+3}
 67209 | Elf:1    | Reached XP level 22. HP: 166/171 MP: 42/42
 67399 | Elf:1    | Noticed Azrael
 67404 | Elf:1    | Killed Azrael
 67474 | Elf:1    | Learned a level 6 spell: Bombard
 67483 | Elf:2    | Paralysed by an air elemental for 1 turns
 67667 | Elf:2    | Reached skill level 1 in Earth Magic
 68061 | Elf:2    | Found Bawuon's Mayhem Merchandise.
 68618 | Elf:2    | Found a runed translucent gate.
 68619 | Elf:2    | Found a runed translucent gate.
 68619 | Elf:2    | Found a runed translucent gate.
 69066 | Depths:1 | Entered Level 1 of the Depths
 69294 | Depths:1 | Found Haih's Weapon Shop.
 69296 | Depths:1 | Found Epysmeckenet's Weapon Boutique.
 69298 | Depths:1 | Found Tyinait's Jewellery Shop.
 69784 | Depths:1 | Found a gateway to Hell.
 70505 | Depths:1 | Reached skill level 21 in Fighting
 70725 | Depths:1 | Identified the ring "Kylar" {EV+5 Int+4 Dex-2 Stlth+}
 71030 | Depths:2 | Found a one-way gateway to a ziggurat.
 71648 | Depths:2 | Found a one-way gate to the infinite horrors of the Abyss.
 71763 | Depths:2 | Found Uqulohaq's Antique Weapon Emporium.
 71769 | Depths:2 | Found Tuadead's Antique Armour Shoppe.
 72212 | Depths:2 | You fall into a shaft and drop 2 floors!
 72212 | Depths:4 | Entered Level 4 of the Depths
 72699 | Depths:3 | Identified the +7 long sword of the Hurting Gods {speed,
                  | Drain rElec rF+ Will+}
 73120 | Depths:3 | Reached skill level 5 in Earth Magic
 73244 | Depths:3 | Reached XP level 23. HP: 180/180 MP: 44/44
 73400 | Depths:3 | Found a one-way gate leading to the halls of Pandemonium.
 75694 | Depths:3 | Found a shadowy altar of Dithmenos.
 75694 | Depths:3 | Found the +2 hood of the Assassin {Detect Stab+ Stlth++}
 75877 | Depths:3 | Identified the +1 cloak of the Hippogriff {+Inv, rC+ rN+}
 76703 | Depths:3 | Noticed a caustic shrike
 77794 | Depths:4 | Found a gate to the Realm of Zot.
 77871 | Depths:4 | Found a hazy altar of Hepliaklqana.
 77871 | Depths:4 | Found a burning altar of Makhleb.
 77872 | Depths:4 | Found a radiant altar of Vehumet.
 78298 | Depths:4 | Noticed a juggernaut
 78725 | Depths:4 | Killed a juggernaut
 78967 | Depths:4 | Noticed a caustic shrike
 78973 | Depths:4 | Killed a caustic shrike
 79487 | Depths:4 | Noticed a juggernaut
 79492 | Depths:4 | Reached skill level 22 in Fighting
 79784 | Depths:4 | Killed a juggernaut
 80313 | Depths:4 | Noticed a golden dragon
 80319 | Depths:4 | Killed a golden dragon
 80515 | Depths:4 | Noticed a caustic shrike
 80609 | Depths:4 | Noticed a caustic shrike
 80631 | Depths:4 | Killed a caustic shrike
 80916 | Depths:4 | Killed a caustic shrike
 80917 | Depths:4 | Reached XP level 24. HP: 176/189 MP: 11/45
 81893 | Depths:4 | Noticed a juggernaut
 81957 | Depths:4 | Killed a juggernaut
 82224 | Depths:2 | Bought a fading ring mail for 378 gold pieces
 82224 | Depths:2 | Identified the +3 ring mail of Brilliance {Regen+} (You
                  | bought it in a shop on level 2 of the Depths)
 82806 | Vaults:2 | Noticed Frederick
 82813 | Vaults:2 | Killed Frederick
 82931 | Vaults:2 | Noticed Mara
 83119 | Vaults:2 | Noticed whatisthis's illusion
 83137 | Vaults:2 | Killed Mara
 83373 | Vaults:2 | Killed an ancient lich
 83666 | Vaults:4 | Upgraded the game from 0.31-a0-1074-g0b22e4e0f1 to
                  | 0.31-a0-1165-g196b491b36
 83683 | Vaults:5 | Entered Level 5 of the Vaults
 83688 | Vaults:5 | Reached skill level 15 in Conjurations
 84654 | Vaults:5 | Identified the +8 war axe of Dismay {flame, rN+}
 84774 | Vaults:5 | Got a silver rune of Zot
 84782 | Vaults:5 | Identified the +0 kite shield of Disguise {rC- Str+3 Dex+3}
 85007 | Vaults:5 | Identified the staff "Spiderbane" {rPois rC+ rN+++ Str-3
                  | Stlth- Ice}
 85318 | Vaults:5 | Reached skill level 23 in Fighting
 85355 | Vaults:5 | Noticed an ancient lich
 85360 | Vaults:5 | Killed an ancient lich
 86000 | Vaults:5 | Got the Secrets of the Moneychanger
 86125 | Vaults:5 | Reached XP level 25. HP: 198/198 MP: 25/46
 86586 | Vaults:5 | Noticed a dread lich
 86799 | Vaults:5 | Identified the ring "Leomodgh" {rCorr MP+9 Dex+2}
 87196 | Vaults:5 | Noticed an ancient lich
 87202 | Vaults:5 | Killed an ancient lich
 87486 | Vaults:5 | Found Edattism's Antique Weapon Boutique.
 87491 | Vaults:5 | Identified the +1 scale mail of Tortelloni {rPois}
 87925 | Vaults:5 | Identified the +2 robe "Niyzeh" {Dex+3}
 88088 | Vaults:5 | Killed a dread lich
 88091 | Vaults:5 | Identified the amulet "Umutama" {Spirit rF+ rN+++ Int+4
                  | Dex-4}
 88316 | Vaults:5 | Found the +2 cloak of the Thief {*Fog Slay-2 SInv Stlth+}
 88325 | Vaults:5 | Got Acecasam's Vademecum on Conduction
 89213 | Zot:1    | Entered Level 1 of the Realm of Zot
 89228 | Zot:1    | Noticed an orb of fire
 90166 | Zot:1    | Gained mutation: Your magical capacity is low. (-10% MP)
                  | [an orb of fire]
 90311 | Depths:4 | Lost mutation: Your magical capacity is low. (-10% MP)
                  | [potion of mutation]
 90311 | Depths:4 | Gained mutation: You are dopey. (Int -2) [potion of
                  | mutation]
 90311 | Depths:4 | Gained mutation: Potions are less effective at restoring
                  | your health. [potion of mutation]
 90311 | Depths:4 | Gained mutation: Your spells are a little harder to cast,
                  | but a little more powerful. [potion of mutation]
 90312 | Depths:4 | Lost mutation: Your spells are a little harder to cast, but
                  | a little more powerful. [potion of mutation]
 90312 | Depths:4 | Lost mutation: Potions are less effective at restoring your
                  | health. [potion of mutation]
 90312 | Depths:4 | Lost mutation: You are dopey. (Int -2) [potion of mutation]
 90312 | Depths:4 | Gained mutation: You are clumsy. (Dex -2) [potion of
                  | mutation]
 90312 | Depths:4 | Gained mutation: You are frail. (-10% HP) [potion of
                  | mutation]
 90312 | Depths:4 | Gained mutation: You passively map a small area around you.
                  | [potion of mutation]
 90313 | Depths:4 | Lost mutation: You are clumsy. (Dex -2) [potion of
                  | mutation]
 90313 | Depths:4 | Lost mutation: You are frail. (-10% HP) [potion of
                  | mutation]
 90313 | Depths:4 | Lost mutation: You passively map a small area around you.
                  | [potion of mutation]
 90313 | Depths:4 | Gained mutation: You are robust. (+10% HP) [potion of
                  | mutation]
 90313 | Depths:4 | Gained mutation: Your magical capacity is low. (-10% MP)
                  | [potion of mutation]
 90313 | Depths:4 | Gained mutation: You have a pair of small antennae on your
                  | head. [potion of mutation]
 90393 | Depths:4 | Gained mutation: You sometimes lose your temper in combat.
                  | [an orb of fire]
 90420 | Depths:4 | Gained mutation: Your health recovers twice as slowly from
                  | being drained. [an orb of fire]
 90425 | Depths:4 | Killed an orb of fire
 90579 | Depths:4 | Lost mutation: You sometimes lose your temper in combat.
                  | [potion of mutation]
 90579 | Depths:4 | Lost mutation: Your magical capacity is low. (-10% MP)
                  | [potion of mutation]
 90579 | Depths:4 | Lost mutation: Your health recovers twice as slowly from
                  | being drained. [potion of mutation]
 90579 | Depths:4 | Gained mutation: Your spells are a little harder to cast,
                  | but a little more powerful. [potion of mutation]
 90579 | Depths:4 | Gained mutation: You passively map a small area around you.
                  | [potion of mutation]
 91666 | Zot:1    | Noticed an orb of fire
 91692 | Zot:1    | Killed an orb of fire
 92022 | Zot:1    | Noticed Grunn
 92031 | Zot:1    | Killed Grunn
 92186 | Zot:1    | Reached skill level 24 in Fighting
 92441 | Zot:1    | Noticed an orb of fire
 92466 | Zot:1    | Killed an orb of fire
 93090 | Zot:2    | Reached skill level 10 in Earth Magic
 93862 | Zot:2    | Reached XP level 26. HP: 231/231 MP: 9/47
 97658 | Zot:3    | Reached skill level 10 in Invocations
 97864 | Zot:3    | Noticed a Killer Klown
 97868 | Zot:3    | a Killer Klown changed into a fire giant
 99851 | Zot:5    | Entered Level 5 of the Realm of Zot
 99910 | Zot:5    | Found an opulent altar of Gozag.
100281 | Zot:5    | Noticed an orb of fire
100293 | Zot:5    | Killed an orb of fire
101122 | Zot:5    | Noticed a Killer Klown
101127 | Zot:5    | Noticed a Killer Klown
101127 | Zot:5    | Noticed an orb of fire
101128 | Zot:5    | Noticed a Killer Klown
101140 | Zot:5    | Killed an orb of fire
101342 | Zot:5    | Killed a Killer Klown
101446 | Zot:5    | Noticed an ancient lich
101453 | Zot:5    | Killed an ancient lich
101454 | Zot:5    | Reached XP level 27. HP: 238/238 MP: 47/47
102152 | Zot:5    | Noticed an orb of fire
102161 | Zot:5    | Noticed an orb of fire
102161 | Zot:5    | Noticed an orb of fire
102166 | Zot:5    | Killed an orb of fire
102168 | Zot:5    | Gained mutation: You occasionally lose the ability to read
                  | scrolls when taking damage. [an orb of fire]
102174 | Zot:5    | Gained mutation: You are occasionally teleported next to
                  | monsters. [an orb of fire]
102175 | Zot:5    | Noticed an orb of fire
102210 | Zot:5    | Gained mutation: Potions are less effective at restoring
                  | your health. [an orb of fire]
102217 | Zot:5    | Gained mutation: Your magical capacity is low. (-10% MP)
                  | [an orb of fire]
102221 | Zot:5    | Killed an orb of fire
102425 | Zot:4    | Lost mutation: You are occasionally teleported next to
                  | monsters. [potion of mutation]
102425 | Zot:4    | Lost mutation: Your magical capacity is low. (-10% MP)
                  | [potion of mutation]
102425 | Zot:4    | Lost mutation: Your spells are a little harder to cast, but
                  | a little more powerful. [potion of mutation]
102559 | Zot:5    | Killed an orb of fire
102565 | Zot:5    | Killed an orb of fire
103518 | Zot:5    | Got the Orb of Zot
104150 | D:3      | Noticed Vynkekya the pandemonium lord
104202 | D:$      | Escaped with the Orb!

Illustrated notes

Levels and vault maps discovered:
D:1:      wander_arrival_lonely_grave, layout_basic
D:2:      layout_basic
D:3:      layout_loops_cross
D:4:      layout_rooms, minmay_temple_entry_junction,
          mainiacjoe_ossuary_entry_find_the_door
D:5:      layout_cave_pools, minmay_shop_damaged, uniq_duvessa
D:6:      layout_loops_ring, makhleb_grotto_becter, biasface_ghost_orc_armoury,
          portal_sewer_entry_e, kennysheep_big_empty_room
D:7:      layout_cave_pools, minivault_11, kennysheep_pointless_box, uniq_maggie
D:8:      layout_cave_pods, minmay_misc_feat_encased, nicolae_underground_beach,
          uniq_pikel, uniq_maurice, uniq_erica
D:9:      layout_basic, dpeg_lair_monsters, david_orc_5
D:10:     layout_basic, kennysheep_okawaru_gauntlet, jmf_multi_god_temple2,
          minmay_misc_feat_x
D:11:     minmay_smoke_and_mirrors, layout_basic, minmay_starry_boxes
D:12:     layout_cave_pools, uniq_gastronok
D:13:     layout_roguey, lightli_vaults_fourway_checkpoint, ebering_ghost_gozag,
          uniq_rupert
D:14:     layout_irregular_city, patterned_corridor, serial_undead,
          serial_undead_a, serial_undead_a, serial_undead_e, serial_undead_f
D:15:     grunt_enter_depths_magical_seal, layout_loops_ring,
          small_statue_alley_a, gammafunk_ghost_necromancy, drop_trap,
          lemuel_blue_sif_altar
Temple:   mainiacjoe_temple_bowtie_tessellation
Lair:1:   layout_cave_pods
Lair:2:   layout_roguey [special_room_bee], mainiacjoe_shoals_entry_four_pools,
          minmay_snake_entry_six_corridors, portal_ice_cave_entry_pillars_2,
          chequers_serial_rivers_marsh
Lair:3:   layout_regular_city, uniq_josephine, uniq_kirke
Lair:4:   layout_small_grid, slime_entry_1, gammafunk_ghost_arena, basic_altar,
          ldierk_geyser, infiniplex_staircase_pool_2
Lair:5:   hangedman_lair_caniforms_friends, layout_gridlike,
          guppyfry_lair_end_dragon, grunt_megastairs_3
Shoals:1: layout_shoals
Shoals:2: layout_shoals
Shoals:3: layout_shoals, st_sunken_huts
Shoals:4: shoals_end_grunt_ice, layout_shoals
Snake:1:  layout_gridlike, serial_shops, shop, grunt_megastairs_4,
          serial_bayou_shore_b
Snake:2:  layout_rooms
Snake:3:  layout_grid_shapes, minmay_shop_grove
Snake:4:  snake_pit, layout_cave_town, uniq_nikola
Orc:1:    layout_caves, nicolae_volcano_entry_two_sided, basic_altar,
          nicolae_orc_stony_grotto, rock_pile, uniq_urug, uniq_harold
Orc:2:    grunt_orc_gardens, layout_diamond_mine, grunt_orc_garden,
          grunt_orc_garden, grunt_orc_garden, grunt_orc_garden, serial_shops,
          nicolae_shop_crystal, nicolae_shop_self_help, uniq_erolcha,
          uniq_donald
Elf:1:    minmay_elf_arrival_circle, layout_geoelf_grid, minivault_28,
          nicolae_elf_blasts_and_bolts, uniq_azrael
Elf:2:    nicolae_elf_blades_splatter_lattice [nicolae_blade_tridents],
          layout_rooms, minmay_shop_mayhem, grunt_ministairs_5
Vaults:1: portal_desolation_entry_twin_temple, nicolae_vaults_puzzle_piece,
          ontoclasm_vaults_tryst, nicolae_vaults_ninety_degrees,
          hangedman_vaults_capsules, v_rooms_4, nicolae_vaults_house_3,
          v_misc_31, vaults_room_stairs_pillars, nicolae_vaults_six-pack,
          nicolae_vaults_trapezoid_lopsided_2, layout_vaults_maze, serial_shops,
          nicolae_square_shop, nicolae_shop_just_a_little_nook,
          nicolae_shop_real_fake_doors
Vaults:2: ontoclasm_vaults_fault, v_pattern_2,
          nicolae_vaults_you_can_take_it_with_you, nicolae_vaults_arrows,
          hangedman_vaults_variations, vaults_dpeg_doors, v_misc_9,
          nicolae_vaults_network_square, v_misc_16, nicolae_vaults_asterisk,
          hangedman_vaults_cutoff, layout_vaults_omnibox, uniq_mara,
          uniq_frederick
Vaults:3: minmay_crypt_entry_nasty_monster, nicolae_vaults_tetromino_L_2,
          nicolae_vaults_network_periphery, hangedman_vaults_maws,
          vaults_standard_mumra_lines, nicolae_vaults_storage_room_doors,
          nicolae_vaults_alarming, v_misc_14, nicolae_vaults_turnstiles,
          layout_vaults_omnigrid
Vaults:4: nicolae_vaults_mini_display_case, nicolae_vaults_puzzle_piece,
          grunt_vaults_twisty, nicolae_vaults_shelves_hall,
          hangedman_vaults_restitches, hangedman_vaults_corner_blocks,
          nicolae_vaults_asterisk, layout_vaults_big_room, uniq_margery,
          uniq_xtahua
Vaults:5
Depths:1: evilmike_cross, layout_cave_shapes, pf_coc_iceberg,
          serial_bayou_lake_a, minmay_shop_star
Depths:2: minmay_crystal_thing, layout_cave_pools, enter_ziggurat_f,
          minmay_room_of_horrors, grunt_pan_entry_spiral, hell_entry,
          minmay_misc_feat_tower, minmay_shoptagon,
          minmay_staircase_windowed_small
Depths:3: regret_index_dithmenos_brocken_genspenst, layout_basic,
          rand_demon_pan_entry_7, hell_entry, abyss_entry_small_statue_room,
          minmay_hidden_floor, kennysheep_random_hallway
Depths:4: hangedman_slaughterboxes, hell_entry, abyss_entry
Zot:1:    layout_twisted_circle, uniq_grunn
Zot:2:    layout_cathedral_of_symmetry
Zot:3:    kennysheep_bubbly, layout_cellular_growth
Zot:4:    layout_misc_corridors, st_stairs_4, grunt_ministairs_4,
          grunt_megastairs_5, uniq_josephina
Zot:5:    layout_gridlike, basic_altar

Skill      XL: |  1  2  3  4  5  6  7  8  9 10 11 12 13 14 15 16 17 18 19 20 21 22 23 24 25 26 27 |
---------------+----------------------------------------------------------------------------------+-----
Fighting       | 1 2 3 4 5 6 8 9 11 12 13 14 15 16 17 19 20 21 22 23 24 | 24.1
Ice Magic      | 5 6 7 8 9 10 11 13 14 15 16 17 18 19 20 | 20.7
Spellcasting   | 3 4 6 7 8 9 10 11 12 13 14 15 16 17 18 19 20 | 20.0
Conjurations   | 2 4 6 7 8 9 10 11 12 13 14 15 17 | 17.8
Invocations    | 4 7 11 13 | 13.5
Shields        | 5 8 10 11 13 14 15 | 15.1
Dodging        | 4 6 |  6.4
Polearms       | 2 6 10 13 14 | 14.0
Earth Magic    | 5 7 9 10 12 13 | 13.2
Stealth        | |  2.1

Action                     |  1- 3 |  4- 6 |  7- 9 | 10-12 | 13-15 | 16-18 | 19-21 | 22-24 | 25-27 || total
---------------------------+-------+-------+-------+-------+-------+-------+-------+-------+-------++-------
  Melee: Unarmed           |     2 |       |       |       |       |       |       |       |       ||     2
         Dagger            |     2 |       |    77 |       |       |       |       |       |       ||    79
         Spear             |       |   198 |    41 |       |       |       |       |       |       ||   239
         Short sword       |       |    83 |       |       |       |       |       |       |       ||    83
         Punch             |       |     2 |     1 |       |       |       |       |       |       ||     3
         Glaive            |       |       |    16 |   126 |    74 |       |       |       |       ||   216
         Halberd           |       |       |     5 |       |       |       |       |       |       ||     5
         Trident           |       |       |       |     4 |    43 |   147 |       |       |       ||   194
         Tailslap          |       |       |       |     2 |       |     2 |     2 |     1 |       ||     7
         Demon trident     |       |       |       |       |       |    98 |   253 |   112 |    34 ||   497
  Throw: Stone             |     5 |     3 |     2 |       |       |       |       |       |     3 ||    13
         Dart              |       |       |    12 |    37 |     1 |    14 |       |     1 |       ||    65
         Throwing net      |       |       |       |       |     1 |     2 |       |       |       ||     3
   Cast: Freeze            |    48 |    20 |    17 |     6 |     8 |       |     1 |       |     2 ||   102
         Frozen Ramparts   |       |    54 |    50 |    70 |    52 |    38 |    17 |     9 |       ||   290
         Ozocubu's Armour  |       |    10 |    18 |    11 |     8 |     3 |     8 |     1 |       ||    59
         Summon Ice Beast  |       |       |       |    18 |    37 |     6 |     7 |     1 |     3 ||    72
         Freezing Cloud    |       |       |       |    12 |   252 |   318 |   224 |   240 |   164 ||  1210
         Ozocubu's Refrige |       |       |       |       |    22 |    48 |    88 |   126 |   133 ||   417
         Stone Arrow       |       |       |       |       |       |   105 |   165 |   347 |   324 ||   941
         Hailstorm         |       |       |       |       |       |       |     1 |     2 |       ||     3
         Bombard           |       |       |       |       |       |       |       |   110 |   148 ||   258
 Invoke: Recall Ancestor   |       |       |     1 |     3 |    19 |    11 |     5 |     6 |     4 ||    49
         Ancestor Life: Kn |       |       |     1 |       |       |       |       |       |       ||     1
         Idealise          |       |       |       |       |     3 |     4 |     7 |    14 |    11 ||    39
  Evoke: Wand              |       |       |    17 |     6 |    10 |     8 |       |     3 |    14 ||    58
         Lightning rod     |       |       |       |       |       |     2 |       |       |       ||     2
    Use: Potion            |     1 |       |       |     1 |     2 |    11 |     2 |     6 |    29 ||    52
         Scroll            |       |       |     7 |     2 |    11 |    19 |     7 |    10 |    10 ||    66
   Stab: Sleeping          |       |     5 |     3 |       |       |       |     1 |       |       ||     9
         Distracted        |       |       |       |       |     2 |     4 |     8 |     1 |       ||    15
         Paralysed         |       |       |       |       |       |       |       |     1 |       ||     1
 Armour: Robe              |    20 |    38 |       |       |       |       |       |       |       ||    58
         Leather armour    |       |   124 |   120 |    95 |   287 |       |       |       |       ||   626
         Skin              |       |       |     1 |       |       |       |       |       |       ||     1
         Ring mail         |       |       |       |       |    28 |   351 |   418 |   353 |   347 ||  1497
  Dodge: Dodged            |    29 |   168 |   109 |    85 |   222 |   228 |   136 |   131 |   134 ||  1242
  Block: Buckler           |       |       |       |       |    44 |   182 |   142 |   129 |   113 ||   610
         Reflection        |       |       |       |       |     7 |    68 |    50 |    46 |    34 ||   205

Table legend: (Time is in decaauts)
 A = Elapsed time spent in this place.
 B = Non-inter-level travel time spent in this place.
 C = Inter-level travel time spent in this place.
 D = Time resting spent in this place.
 E = Time spent auto-exploring this place.
 F = Levels seen in this place.
 G = Mean time per level.
                   A        B        C        D        E       F      G
               +--------+--------+--------+--------+--------+-----+--------+
         Total | 103628 |  96978 |   6650 |  48674 |  13551 |  50 | 2072.6 |
       Dungeon |  24422 |  22010 |   2412 |   7803 |   6332 |  15 | 1628.1 |
        Temple |     71 |     39 |     32 |      0 |      0 |   1 |   71.0 |
          Lair |  10332 |   9743 |    589 |   3946 |   2464 |   5 | 2066.4 |
        Shoals |   6165 |   6039 |    126 |   3523 |    324 |   4 | 1541.2 |
     Snake Pit |   7953 |   7680 |    273 |   3789 |   1355 |   4 | 1988.2 |
  Orcish Mines |   4895 |   4565 |    330 |   2706 |    456 |   2 | 2447.5 |
   Elven Halls |   2912 |   2754 |    158 |   1517 |      0 |   2 | 1456.0 |
        Vaults |  17495 |  16413 |   1082 |   9203 |   1051 |   5 | 3499.0 |
        Depths |  15091 |  13865 |   1226 |   8406 |    932 |   4 | 3772.8 |
           Zot |  12586 |  12165 |    421 |   6897 |    635 |   5 | 2517.2 |
         Sewer |    131 |    131 |      0 |     21 |      0 |   1 |  131.0 |
       Ossuary |    989 |    989 |      0 |    592 |      0 |   1 |  989.0 |
       Volcano |    579 |    579 |      0 |    268 |      0 |   1 |  579.0 |
               +--------+--------+--------+--------+--------+-----+--------+

Top non-repeatable levels by time:
Depths:4: 7086 daAuts
Vaults:5: 4807 daAuts
Depths:3: 4016 daAuts
Vaults:3: 3530 daAuts
Vaults:2: 3428 daAuts
   Zot:5: 3409 daAuts
Vaults:1: 3114 daAuts
   Orc:1: 2999 daAuts
  Lair:5: 2830 daAuts
 Snake:4: 2782 daAuts
   Zot:2: 2778 daAuts
   Zot:3: 2647 daAuts
Vaults:4: 2614 daAuts
    D:14: 2603 daAuts
    D:13: 2509 daAuts
